 Dungeon Crawl Stone Soup version 0.18.1-50-g88ac8fd (webtiles) character file.

2534 magog001 the Blocker (level 9, 0/50 HPs)
             Began as a Gargoyle Fighter on Jan 4, 2019.
             Was a Believer of Nemelex Xobeh.
             Slain by an orc knight
             ... wielding a +0 halberd
              (6 damage)
             ... in a bailey.
             The game lasted 00:49:56 (8049 turns).

magog001 the Blocker (Gargoyle Fighter)             Turns: 8049, Time: 00:49:57

Health: 0/50       AC: 17    Str: 24    XL:     9   Next: 55%
Magic:  9/9        EV:  8    Int: 10    God:    Nemelex Xobeh [**....]
Gold:   163        SH: 11    Dex:  9    Spells: 0 memorised, 8 levels left

rFire  + . .     SeeInvis .     a - +1 flail
rCold  + + .     Gourm    .     b - +0 scale mail
rNeg   + . .     Faith    .     c - +0 shield
rPois  ∞         Spirit   .     (helmet restricted)
rElec  +         Dismiss  .     t - +0 cloak
rCorr  +         Reflect  .     C - +0 pair of gloves
SustAt .         Harm     .     r - +0 pair of boots
MR     .....                    (no amulet)
Stlth  ..........               (no ring)
                                h - +2 ring of slaying

@: resistant, not resistant to hostile enchantments, extremely unstealthy
A: horns 1, cold resistance 1, frail 1, negative energy resistance 1,
electricity resistance, strong 1, unbreathing, petrification resistance, rot
immunity, subdued magic 1, AC +5
a: Renounce Religion


You were in a bailey.
You worshipped Nemelex Xobeh.
Nemelex Xobeh was pleased with you.
You were not hungry.

You visited 2 branches of the dungeon, and saw 8 of its levels.
You also visited: Ossuary and Bailey.

You collected 566 gold pieces.
You spent 403 gold pieces at shops.

Inventory:

Hand Weapons
 a - a +1 flail (weapon)
 q - a +0 hunting sling
Missiles
 d - 7 poisoned javelins
 w - 26 sling bullets
 x - 5 tomahawks (quivered)
Armour
 b - a +0 scale mail (worn)
 c - a +0 shield (worn)
 n - a +1 helmet
 r - a +0 pair of boots (worn)
 t - a +0 cloak (worn)
 C - a +0 pair of gloves (worn)
Jewellery
 h - a +2 ring of slaying (left hand)
Wands
 p - a wand of enslavement (19/24)
 s - a wand of disintegration (6/24)
Scrolls
 e - a scroll of recharging
 i - a scroll of enchant armour
 j - 2 scrolls of enchant weapon
 l - 3 scrolls of identify
 m - 2 scrolls of teleportation
 u - 2 scrolls of amnesia
 v - 3 scrolls of remove curse
 y - 2 scrolls of fog
Potions
 k - 3 potions of curing
 D - a potion of haste
 E - a potion of experience {unknown}
Miscellaneous
 g - a plain deck of destruction {drawn: 1}
 o - a plain deck of war
 z - a plain deck of defence {drawn: 8}
 B - a plain deck of escape
Comestibles
 f - 3 bread rations


   Skills:
 * Level 6.5 Fighting
 * Level 7.0 Maces & Flails
 * Level 7.8 Armour
 * Level 8.1 Shields
 + Level 0.6 Evocations


You had 8 spell levels left.
You didn't know any spells.

Dungeon Overview and Level Annotations

Branches:
Dungeon (7/15)             Temple (1/1) D:4

Altars:
Ashenzari
Cheibriados
Elyvilon
Fedhas
Gozag
Kikubaaqudgha
Makhleb
Nemelex Xobeh
Okawaru
Sif Muna
Trog
Vehumet
Xom
Yredelemnul
The Shining One

Shops:
D:6 }


Innate Abilities, Weirdness & Mutations

You are resistant to torment.
Your stone body is resilient (AC +5).
You are immune to poison.
You resist negative energy.
You are resistant to electric shocks.
You can survive without breathing.
You are immune to petrification.
You are immune to rotting.
You have a pair of small horns on your head.
Your flesh is cold resistant.
You are frail (-10% HP).
Your muscles are strong. (Str +2)
Your spells are a little easier to cast, but a little less powerful.


Message History

You block the orc knight's attack.
Your shield and scale mail prevent you from hitting the orc knight.
The orc knight is almost dead.
The orc closely misses you. You block the orc knight's attack.
You barely miss the orc knight. Your headbutt misses the orc knight.
The orc knight is almost dead.
The orc barely misses you.
You hit the orc knight but do no damage.
The orc knight is almost dead.
You block the orc knight's attack. The orc hits you but does no damage.
You barely miss the orc knight.
The orc knight is almost dead.
You block the orc knight's attack.
The orc hits you from afar with a halberd!
* * * LOW HITPOINT WARNING * * *
You completely miss the orc knight.
The orc knight is almost dead.
The orc knight hits you with a halberd.
You die...
Your body glows slightly and disappears.

####### ############ #
##.....## ##........∩.##
..#.....).######....).......#
.o'......)#....#.).)).).....#
..'..)).o))..oo@....))))...∩#
..'.......#))..#)...).......#
..#.......######..))........#
##.....## ##........∩.##
####### ############


You could see an orc knight and 2 orcs.

Vanquished Creatures
  A wraith (Ossuary)
  Menkaure (D:5)
  The ghost of magog001 the Shield-Bearer, an amateur GrFi of Nemelex Xobeh (D:4)
  6 orc warriors
  A phantom (D:7)
  3 black bears (D:7)
  An ogre (D:6)
  2 centaurs (D:6)
  A scorpion (D:5)
  A howler monkey (D:6)
  3 wights (D:6)
  A crimson imp (D:5)
  A centaur zombie (D:5)
  Crazy Yiuf (D:3)
  3 hounds
  3 orc wizards
  2 iguanas
  3 worker ants
  3 hound skeletons
  4 mummies
  7 adders
  3 gnolls (D:7)
  A howler monkey skeleton (D:6)
  An ooze (D:3)
  A worm zombie (D:4)
  2 adder zombies
  An adder skeleton (D:7)
  3 worms
  4 giant geckos
  37 orcs
  A ball python (D:2)
  5 giant cockroaches
  11 goblins
  5 hobgoblins
  4 jackals (D:4)
  6 kobolds
  3 quokkas
  8 bats
  6 giant newts
  A goblin zombie (Ossuary)
  3 hobgoblin zombies (Ossuary)
  A jackal skeleton (D:5)
  A jackal zombie (D:6)
  3 kobold zombies (Ossuary)
  10 rats
170 creatures vanquished.

Vanquished Creatures (collateral kills)
  An orc warrior (Bailey)
  An orc (Bailey)
2 creatures vanquished.

Grand Total: 172 creatures vanquished

Notes
Turn   | Place    | Note
--------------------------------------------------------------
     0 | D:1      | magog001 the Gargoyle Fighter began the quest for the Orb.
     0 | D:1      | Reached XP level 1. HP: 14/14 MP: 1/1
   165 | D:1      | Reached XP level 2. HP: 18/19 MP: 2/2
   913 | D:2      | Reached XP level 3. HP: 23/23 MP: 3/3
  1040 | D:2      | Found an opulent altar of Gozag.
  1598 | D:3      | Reached skill level 4 in Shields
  1618 | D:3      | Found an ancient bone altar of Kikubaaqudgha.
  1675 | D:3      | Noticed Crazy Yiuf
  1951 | D:3      | Killed Crazy Yiuf
  1951 | D:3      | Reached XP level 4. HP: 25/29 MP: 4/4
  2064 | D:3      | Reached XP level 5. HP: 32/33 MP: 5/5
  2357 | D:3      | Found a sparkling altar of Nemelex Xobeh.
  2662 | D:4      | Found a sand-covered staircase.
  2679 | Ossuary  | Entered an ossuary
  2679 | Ossuary  | Noticed a wraith
  2679 | Ossuary  | Noticed a wraith
  2679 | Ossuary  | Noticed a wraith
  2929 | Ossuary  | Noticed a wraith
  2944 | Ossuary  | Killed a wraith
  2944 | Ossuary  | Reached skill level 5 in Shields
  2944 | Ossuary  | Reached XP level 6. HP: 19/39 MP: 6/6
  3547 | D:4      | Noticed magog001's ghost (amateur GrFi)
  3751 | D:4      | Killed magog001's ghost
  3751 | D:4      | Reached skill level 5 in Armour
  3751 | D:4      | Reached XP level 7. HP: 29/44 MP: 7/7
  3960 | D:4      | Found a deep blue altar of Sif Muna.
  4029 | D:4      | Found a staircase to the Ecumenical Temple.
  4048 | Temple   | Entered the Ecumenical Temple
  4741 | D:3      | Became a worshipper of Nemelex Xobeh the Trickster
  4769 | D:5      | Entered Level 5 of the Dungeon
  4786 | D:5      | Received a gift from Nemelex Xobeh
  4916 | D:5      | Gained mutation: You are frail (-10% HP). [potion of mutation]
  4916 | D:5      | Gained mutation: You have a pair of small horns on your head. [potion of mutation]
  4916 | D:5      | Gained mutation: Your muscles are strong. (Str +2) [potion of mutation]
  4917 | D:5      | Gained mutation: Your flesh is cold resistant. [potion of mutation]
  4917 | D:5      | Gained mutation: Your spells are a little easier to cast, but a little less powerful. [potion of mutation]
  5182 | D:5      | Noticed Menkaure
  5191 | D:5      | Killed Menkaure
  5191 | D:5      | Reached skill level 5 in Fighting
  5230 | D:5      | Reached skill level 6 in Shields
  5456 | D:5      | Received a gift from Nemelex Xobeh
  5775 | D:5      | Found a shimmering altar of Xom.
  5797 | D:5      | Reached XP level 8. HP: 44/44 MP: 8/8
  6043 | D:5      | Reached * piety under Nemelex Xobeh
  6162 | D:6      | Reached skill level 5 in Maces & Flails
  6277 | D:6      | Found Riecoe Fene's Gadget Shop.
  6285 | D:6      | Bought a wand of disintegration (13/24) for 221 gold pieces
  6285 | D:6      | Bought a plain deck of defence for 182 gold pieces
  6763 | D:6      | Found a snail-covered altar of Cheibriados.
  6780 | D:6      | Reached ** piety under Nemelex Xobeh
  7060 | D:6      | Reached skill level 7 in Shields
  7315 | D:7      | Reached XP level 9. HP: 46/49 MP: 9/9
  7411 | D:7      | Found a bloodstained altar of Trog.
  7451 | D:7      | Received a gift from Nemelex Xobeh
  7464 | D:7      | Found a shattered altar of Ashenzari.
  7599 | D:7      | Found a flagged portal.
  7610 | Bailey   | Entered a bailey
  7857 | Bailey   | Reached skill level 8 in Shields
  8001 | Bailey   | Noticed an orc knight
  8049 | Bailey   | Slain by an orc knight

Skill      XL: |  1  2  3  4  5  6  7  8  9 |
---------------+----------------------------+-----
Shields        | 4 5 6 7 8 |  8.1
Armour         | 4 5 6 7 |  7.8
Maces & Flails | 3 4 6 7 |  7.0
Fighting       | 4 5 6 |  6.5
Evocations     | |  0.6

Action                   |  1- 3 |  4- 6 |  7- 9 || total
-------------------------+-------+-------+-------++-------
Melee: Flail             |   161 |   190 |   320 ||   671
       Headbutt          |       |       |    52 ||    52
Evoke: Wand              |       |       |     7 ||     7
       Deck              |       |       |     9 ||     9
  Use: Potion            |     1 |     5 |    11 ||    17
       Scroll            |       |     7 |     3 ||    10
  Eat: Chunk             |     3 |     1 |     5 ||     9
       Beef jerky        |     1 |       |       ||     1
       Pizza             |       |     1 |     1 ||     2
       Meat ration       |       |     1 |       ||     1
       Bread ration      |       |       |     1 ||     1
       Royal jelly       |       |       |     1 ||     1
Armor: Scale mail        |   108 |   105 |   164 ||   377
Dodge: Dodged            |    52 |    64 |    95 ||   211
Block: Shield            |    99 |   126 |   222 ||   447
